 Dungeon Crawl Stone Soup version 0.20-a0-927-g1ae2c61 (webtiles) character file.

53 Goblin1989 the Twirler (level 4, -4/26 HPs)
             Began as a Kobold Gladiator on Mar 28, 2017.
             Was a Follower of Uskayaw.
             Slain by a gnoll
             ... wielding a +0 spear
              (5 damage)
             ... on level 2 of the Dungeon.
             The game lasted 00:03:39 (1540 turns).

Goblin1989 the Twirler (Kobold Gladiator)           Turns: 1540, Time: 00:03:40

Health: -4/26      AC:  4    Str: 12    XL:     4   Next: 10%
Magic:  4/4        EV: 16    Int:  9    God:    Uskayaw [*.....]
Gold:   61         SH:  0    Dex: 16    Spells: 3/3 levels left

rFire    . . .     SeeInvis .   a - +0 quarterstaff
rCold    + . .     Gourm    .   (shield currently unavailable)
rNeg     . . .     Faith    .   m - +0 leather armour {rC+}
rPois    .         Spirit   .   c - +0 helmet
rElec    .         Reflect  .   (no cloak)
rCorr    .         Harm     .   (no gloves)
MR       .....                  (no boots)
Stlth    +.........             (no amulet)
Regen    0.1/turn               (no ring)
MPRegen  0.1/turn               (no ring)

@: no status effects
A: carnivore 3
a: Stomp, Renounce Religion


You were on level 2 of the Dungeon.
You worshipped Uskayaw.
Uskayaw was noncommittal.
You were completely stuffed.

You visited 1 branch of the dungeon, and saw 2 of its levels.

You collected 61 gold pieces.

Inventory:

Hand Weapons
 a - a +0 quarterstaff (weapon)
Missiles
 b - 93 stones (quivered)
 e - 14 poisoned needles
 n - 26 sling bullets
 o - 33 bolts
 Z - 4 throwing nets {!d, =f}
Armour
 c - a +0 helmet (worn)
 m - a +0 leather armour of cold resistance (worn)
Jewellery
 p - an uncursed ring of fire
Scrolls
 d - 2 scrolls of identify {unknown}
 h - 2 scrolls of amnesia {unknown}
 l - a scroll of immolation {unknown}
Potions
 g - 2 potions of degeneration {unknown}
 i - a potion of brilliance {unknown}
 k - a potion of curing {unknown}
 q - a potion of lignification {unknown}
Comestibles
 f - a meat ration {@e2}
 j - a royal jelly


   Skills:
 - Level 2.1 Fighting
 + Level 4.2 Staves
 - Level 2.1 Throwing
 - Level 3.6 Dodging


You had 3 spell levels left.
You didn't know any spells.

Dungeon Overview and Level Annotations

Branches:
Dungeon (2/15)

Altars:
Uskayaw
The Shining One


Innate Abilities, Weirdness & Mutations

You are small and have problems with some larger weapons.
You are carnivorous and can eat meat at any time.


Message History

The kobold throws a stone.
The stone barely misses you.
You completely miss the kobold. The kobold hits you with a short sword.
You take 1 damage, and have 25/26 hp.
You hit the kobold.
You kill the kobold!
You can now stomp with the beat.
No target in view!
No target in view!
No target in view!
No target in view!
No target in view!
No target in view!
No target in view!
No target in view!
No target in view!
No target in view!
No target in view!
No target in view!
No target in view!
No target in view!
No target in view!
No target in view!
No target in view!
No target in view!
No target in view!
No target in view!
No target in view!
No target in view!
A gnoll is nearby!
Unknown command.
Health restored: 26 The gnoll drinks a potion.
The gnoll suddenly seems more agile.
The gnoll hits you with a spear.
You take 6 damage, and have 20/26 hp.
MASSIVE DAMAGE!!
You barely miss the gnoll. The gnoll hits you with a spear.
You take 4 damage, and have 16/26 hp.
You hit the gnoll but do no damage. The gnoll barely misses you.
You barely miss the gnoll. The gnoll barely misses you.
You closely miss the gnoll. The gnoll hits you with a spear!
* * * LOW HITPOINT WARNING * * *
You take 7 damage, and have 9/26 hp.
MASSIVE DAMAGE!!
You are too injured to fight recklessly!
You are too injured to fight recklessly!
You are too injured to fight recklessly!
You are too injured to fight recklessly!
You are too injured to fight recklessly!
You are too injured to fight recklessly!
You are too injured to fight recklessly!
You are too injured to fight recklessly!
You are too injured to fight recklessly!
You are too injured to fight recklessly!
You are too injured to fight recklessly!
You are too injured to fight recklessly!
You are too injured to fight recklessly!
You are too injured to fight recklessly!
You are too injured to fight recklessly!
You are too injured to fight recklessly!
You are too injured to fight recklessly!
You are too injured to fight recklessly!
You are too injured to fight recklessly!
You are too injured to fight recklessly!
You are too injured to fight recklessly!
You are too injured to fight recklessly!
You hit the gnoll.
The gnoll is lightly wounded.
The gnoll hits you with a spear.
* * * LOW HITPOINT WARNING * * *
You take 5 damage, and have 4/26 hp.
You barely miss the gnoll.
The gnoll is lightly wounded.
The gnoll misses you.
You closely miss the gnoll.
The gnoll is lightly wounded.
The gnoll hits you with a spear.
* * * LOW HITPOINT WARNING * * *
You take 2 damage, and have 2/26 hp.
You hit the gnoll.
The gnoll is heavily wounded.
The gnoll barely misses you.
A giant cockroach comes into view.
You barely miss the gnoll.
The gnoll is heavily wounded.
The gnoll hits you with a spear.
* * * LOW HITPOINT WARNING * * *
You take 1 damage, and have 1/26 hp.
Unknown command.
The gnoll barely misses you.
You sock the giant cockroach!
You kill the giant cockroach!
The gnoll barely misses you. The gnoll misses you.
You see here a giant cockroach corpse.
You closely miss the gnoll.
The gnoll is heavily wounded.
The gnoll barely misses you. The gnoll closely misses you.
Unknown command.
You miss the gnoll.
The gnoll is heavily wounded.
The gnoll hits you with a spear.
You die...

█.█ █...███.█.█. █.█
███.███.█.█. █.█
█.....█.██
█.█████.█████...
██.█...█.█>......
█.......(█.█.....
█...)...∆........
█████████.......██.█∆█...
........@.......██.......
.████████g......██.......
..............██.......
████.████.....██.......
.. █.....██....... █..
█.....██....... █.
█.██████.....██ . ..█
██....█( .█ ████.█.


You could see a gnoll.

Vanquished Creatures
  2 gnolls (D:1)
  An ooze (D:2)
  A dart slug (D:1)
  A leopard gecko (D:2)
  A giant cockroach (D:2)
  3 goblins
  2 hobgoblins
  4 bats (D:1)
  4 frilled lizards (D:1)
  5 kobolds
  6 rats
30 creatures vanquished.

Notes
Turn   | Place    | Note
-------+----------+-------------------------------------------
     0 | D:1      | Goblin1989 the Kobold Gladiator began the quest for the Orb.
     0 | D:1      | Reached XP level 1. HP: 12/12 MP: 1/1
   187 | D:1      | Reached skill level 3 in Staves
   189 | D:1      | Reached XP level 2. HP: 13/17 MP: 2/2
   408 | D:1      | Reached XP level 3. HP: 21/21 MP: 3/3
  1111 | D:1      | Reached skill level 4 in Staves
  1437 | D:2      | Noticed a hand axe
  1438 | D:2      | Noticed a hand axe
  1438 | D:2      | Found a hide-covered altar of Uskayaw.
  1443 | D:2      | Reached XP level 4. HP: 25/26 MP: 4/4
  1458 | D:2      | Became a worshipper of Uskayaw the Reveler
  1478 | D:2      | Found a glowing golden altar of the Shining One.
  1519 | D:2      | Reached * piety under Uskayaw
  1534 | D:2      | HP: 1/26 [gnoll/spear (2)]
  1540 | D:2      | Slain by a gnoll

Vault maps used:
D:1:      onia_arrival_pentagram, columned_hall_lemuel
D:2:      dancing_weapons_uskayaw, nicolae_overflow_crystal_walls,
          grunt_temple_overflow_open, old_standard_altar, first_bread

Skill      XL: |  1  2  3 |
---------------+----------+-----
Staves         | 3 4 |  4.2
Fighting       | |  2.1
Throwing       | |  2.1
Dodging        | |  3.6

Action                   |  1- 3 |  4- 6 || total
-------------------------+-------+-------++-------
Melee: Quarterstaff      |    69 |    18 ||    87
 Stab: Sleeping          |     1 |       ||     1
  Eat: Chunk             |    10 |       ||    10
Armor: Leather armour    |    19 |     2 ||    21
Dodge: Dodged            |    49 |    12 ||    61

Vault maps used:
D:1:      onia_arrival_pentagram, columned_hall_lemuel
D:2:      dancing_weapons_uskayaw, nicolae_overflow_crystal_walls,
          grunt_temple_overflow_open, old_standard_altar, first_bread
